 Dungeon Crawl Stone Soup version 0.19-a0-749-g66ae36b (webtiles) character file.

2422 Implojin the Grappler (level 9, -2/83 HPs)
             Began as a Troll Fighter on June 24, 2016.
             Was an Initiate of Okawaru.
             Slain by a killer bee (9 damage)
             ... on level 8 of the Dungeon.
             The game lasted 00:11:10 (1497 turns).

Implojin the Grappler (Troll Fighter)               Turns: 1497, Time: 00:11:10

Health: -2/83      AC:  5    Str: 32    XL:     9   Next: 24%
Magic:  8/8        EV:  8    Int:  4    God:    Okawaru [......]
Gold:   142        SH:  9    Dex: 12    Spells: 0 memorised, 8 levels left

rFire  . . .     SeeInvis .       - Unarmed
rCold  . . .     Gourm    +     r - +0 robe of Ifeopiun {Str+6}
rNeg   . . .     Faith    .     b - +0 shield
rPois  .         Spirit   .     (helmet restricted)
rElec  .         Dismiss  .     (no cloak)
rCorr  .         Reflect  .     (gloves unavailable)
SustAt .         Harm     .     (boots unavailable)
MR     .....                    (no amulet)
Stlth  ++........               (no ring)
                                i - ring of stealth

@: very slightly contaminated, not resistant to hostile enchantments, unstealthy
A: unfitting armour, claws 3, fast metabolism 3, gourmand, regeneration 2,
shaggy fur 1, tough skin 2
a: Renounce Religion


You were on level 8 of the Dungeon.
You worshipped Okawaru.
Okawaru was noncommittal.
You were very full.

You visited 2 branches of the dungeon, and saw 10 of its levels.

You collected 142 gold pieces.

Inventory:

Missiles
 o - 7 javelins of returning (quivered)
 q - 2 tomahawks
Armour
 a - a +0 robe
 b - a +0 shield (worn)
 n - a +0 large shield
 r - the +0 robe of Ifeopiun (worn) {Str+6}
   (You acquired it on level 9 of the Dungeon)

   It affects your strength (+6).
Jewellery
 i - a ring of stealth (left claw)
Wands
 g - a wand of iceblast (6/15)
 k - a wand of lightning (8/15)
 m - a wand of enslavement (8/24)
Scrolls
 j - a scroll of identify
Potions
 c - a potion of degeneration
 p - a potion of brilliance
Books
 h - a book of Minor Magic

   Spells                             Type                      Level
   a - Magic Dart                     Conjuration                  1
   b - Blink                          Translocation                2
   c - Call Imp                       Summoning                    2
   d - Repel Missiles                 Charms/Air                   2
   e - Slow                           Hexes                        2
   f - Conjure Flame                  Conjuration/Fire             3
   g - Mephitic Cloud                 Conjuration/Poison/Air       3
Comestibles
 d - 3 bread rations
 f - a chunk of flesh


   Skills:
 * Level 3.5 Fighting
 - Level 2.4 Dodging
 - Level 2.4 Shields
 - Level 12.0 Unarmed Combat


You had 8 spell levels left.
You didn't know any spells.

Dungeon Overview and Level Annotations

Branches:
Dungeon (9/15)             Temple (1/1) D:6
   Lair: D:8-11         Orc: D:9-12

Altars:
Cheibriados
Dithmenos
Elyvilon
Gozag
Hepliaklqana
Kikubaaqudgha
Makhleb
Nemelex Xobeh
Okawaru
Pakellas
Trog
Zin
The Shining One


Innate Abilities, Weirdness & Mutations

You are too large for most types of armour.
You have claws for hands.
Your metabolism is lightning-fast.
You like to eat raw meat.
You heal very quickly.
You are covered in fur. (AC +1)
You have very tough skin. (AC +2)


Message History

Your killer bee closely misses the killer bee.
The killer bee closely misses you. You block the killer bee's attack.
Your killer bee completely misses the killer bee.
Unknown command.
Okay, then.
Evoke which item? (* to show all) (? for menu, Esc to quit)
Zapping:
m - a wand of enslavement {zapped: 4} (will waste charges)
Press: ? - help, Shift-Dir - straight line, f - killer bee, p - killer bee
Aim: a killer bee (berserk, fast, unusually strong, chance to defeat MR: 54%)
The killer bee resists with significant effort.
Evoking this partially-identified wand wasted a few charges.
The killer bee barely misses you.
The killer bee stings you but does no damage.
The killer bee stings you!
* * * LOW HITPOINT WARNING * * *
Your killer bee barely misses the killer bee.
You block the killer bee's attack. The killer bee barely misses you.
Your killer bee misses the killer bee.
Unknown command.
Press: ? - help, v - describe, . - travel
Here: an ice beast The floor.
Okay, then.
You feel better. You block the killer bee's attack.
The killer bee stings you but does no damage. x2
Your killer bee closely misses the killer bee.
The killer bee stings you!
* * * LOW HITPOINT WARNING * * *
You block the killer bee's attack.
Your killer bee barely misses the killer bee.
Unknown command.
Evoke which item? (* to show all) (? for menu, Esc to quit)
Zapping:
m - a wand of enslavement {zapped: 7} (will waste charges)
Press: ? - help, Shift-Dir - straight line, f - killer bee, p - killer bee
Aim: a killer bee (chance to defeat MR: 54%)
The killer bee resists with significant effort.
Evoking this partially-identified wand wasted a few charges.
The killer bee stings you but does no damage. x2
The killer bee stings you!
You die...

############
#.yY.......##
#y@y........#
#............
#............
#............
#............
#............
#.<..........
#............
#............


You could see an ice beast, 2 killer bees and a friendly killer bee.

Vanquished Creatures
  A hydra (D:7)
  Pikel (D:5)
  A hungry ghost (D:7)
  A phantom (D:6)
  A centaur (D:6)
  3 giant frogs
  A scorpion (D:9)
  2 killer bees (D:9)
  A giant frog zombie (D:5)
  A hound (D:7)
  2 centaur skeletons
  7 orc priests
  3 orc wizards
  4 gnolls (D:7)
  A howler monkey skeleton (D:7)
  3 adders
  A shadow imp (D:7)
  A white imp (D:7)
  2 worms
  3 giant geckos
  21 orcs
  A giant cockroach (D:4)
  4 jackals
  A giant newt (D:7)
  3 goblin skeletons (D:7)
  2 goblin zombies (D:7)
  2 hobgoblin zombies (D:7)
  A kobold skeleton (D:7)
  A kobold zombie (D:7)
  2 orc skeletons (D:7)
  2 orc zombies (D:7)
  2 rats (D:3)
82 creatures vanquished.

Vanquished Creatures (collateral kills)
  An ogre (D:9)
1 creature vanquished.

Vanquished Creatures (others)
  3 gnolls (D:5)
  A giant gecko (D:5)
4 creatures vanquished.

Grand Total: 87 creatures vanquished

Notes
Turn   | Place    | Note
--------------------------------------------------------------
     0 | D:1      | Implojin the Troll Fighter began the quest for the Orb.
     0 | D:1      | Reached XP level 1. HP: 22/22 MP: 0/0
    39 | D:2      | You fall through a shaft!
    86 | D:5      | Entered Level 5 of the Dungeon
   156 | D:4      | Reached skill level 3 in Unarmed Combat
   156 | D:4      | Reached XP level 2. HP: 15/29 MP: 1/1
   216 | D:4      | Reached skill level 4 in Unarmed Combat
   216 | D:4      | Reached XP level 3. HP: 21/36 MP: 2/2
   280 | D:3      | Reached XP level 4. HP: 43/44 MP: 3/3
   295 | D:3      | Found a hazy altar of Hepliaklqana.
   367 | D:5      | Noticed a slave
   368 | D:5      | Noticed Pikel
   368 | D:5      | Noticed a slave
   368 | D:5      | Noticed a slave
   370 | D:5      | Noticed a slave
   391 | D:5      | Killed Pikel
   391 | D:5      | Reached skill level 7 in Unarmed Combat
   391 | D:5      | Reached XP level 5. HP: 27/50 MP: 4/4
   391 | D:5      | Reached XP level 6. HP: 32/59 MP: 5/5
   391 | D:5      | Reached XP level 7. HP: 35/66 MP: 6/6
   468 | D:5      | Reached skill level 8 in Unarmed Combat
   850 | D:7      | Reached skill level 9 in Unarmed Combat
   919 | D:7      | Reached XP level 8. HP: 61/74 MP: 7/7
   955 | D:7      | Found a glowing golden altar of the Shining One.
  1003 | D:7      | Reached skill level 10 in Unarmed Combat
  1026 | D:7      | Noticed a six-headed hydra
  1031 | D:7      | Killed a six-headed hydra
  1031 | D:7      | Reached skill level 11 in Unarmed Combat
  1053 | D:7      | Reached XP level 9. HP: 20/80 MP: 8/8
  1201 | D:6      | Identified a scroll of acquirement
  1242 | D:6      | Found an oddly glowing altar of Pakellas.
  1246 | D:6      | Found a staircase to the Ecumenical Temple.
  1251 | Temple   | Entered the Ecumenical Temple
  1271 | Temple   | Became a worshipper of Warmaster Okawaru
  1339 | D:6      | Reached skill level 12 in Unarmed Combat
  1394 | D:9      | Got a heavy robe
  1405 | D:9      | Identified the +0 robe of Ifeopiun {Str+6} (You acquired it on level 9 of the Dungeon)
  1444 | D:9      | Reached skill level 3 in Fighting
  1490 | D:9      | Noticed a queen bee
  1497 | D:8      | Slain by a killer bee

Vault maps used:
D:1:      minmay_arrival_hallway
D:2:      grunt_temple_overflow_open, first_bread
D:3:      lemuel_coloured_pillars_altar, kennysheep_generic_room_4
D:5:      uniq_pikel
D:6:      marbit_many_paths, grunt_pakellas_salt
D:7:      minmay_misc_feat_x, nicolae_tso_besieged_by_evil
D:9:      minmay_goldmine, fedhas_altar_1, nicolae_overflow_hidden_temple,
          serial_shops, shop, david_nohive_1
Temple:   minmay_temple_bridge_abc

Skill      XL: |  1  2  3  4  5  6  7  8  9 |
---------------+----------------------------+-----
Unarmed Combat | 3 4 7 9 11 12 | 12.0
Fighting       | 3 |  3.5
Dodging        | |  2.4
Shields        | |  2.4

Action                   |  1- 3 |  4- 6 |  7- 9 || total
-------------------------+-------+-------+-------++-------
Melee: Unarmed           |    52 |    19 |   179 ||   250
Throw: Javelin           |       |       |     6 ||     6
Evoke: Wand              |       |       |     4 ||     4
  Use: Potion            |     1 |     1 |     2 ||     4
       Scroll            |       |       |    12 ||    12
 Stab: Sleeping          |       |       |     3 ||     3
  Eat: Chunk             |     4 |       |    17 ||    21
Armor: Robe              |    22 |     3 |    34 ||    59
       Skin              |       |       |    14 ||    14
Dodge: Dodged            |    17 |     5 |    47 ||    69
Block: Shield            |    20 |     1 |    63 ||    84

Table legend:
 A = Turns spent in this place as a percentage of turns spent in the entire game.
 B = Non-inter-level travel turns spent in this place as a percentage of non-inter-level travel turns spent in the entire game.
 C = Inter-level travel turns spent in this place as a percentage of turns spent in this place.
 D = Turns resting spent in this place as a percentage of non-inter-level travel turns spent in this place.
 E = Turns spent auto-exploring this place as a percentage of non-inter-level travel turns spent in this place.
 F = Non-inter-level travel turns spent in this place divided by the number of levels of this place that you've seen.
                   A       B       C       D       E      F
               +-------+-------+-------+-------+-------+----------------------
         Total | 100.0 | 100.0 |   0.0 |   0.4 |   0.0 | 145.1
       Dungeon |  97.2 |  97.2 |   0.0 |   0.4 |   0.0 | 156.8
        Temple |   2.8 |   2.8 |   0.0 |   0.0 |   0.0 |  40.0
               +-------+-------+-------+-------+-------+----------------------

Table legend:
 A = Kills in this place as a percentage of kills in entire the game.
 B = Kills by you in this place as a percentage of kills by you in the entire game.
 C = Kills by friends in this place as a percentage of kills by friends in the entire game.
 D = Other kills in this place as a percentage of other kills in the entire game.
 E = Experience gained in this place as a percentage of experience gained in the entire game.
 F = Experience gained in this place divided by the number of levels of this place that you have seen.
                   A       B       C       D       E      F
               +-------+-------+-------+-------+-------+----------------------
         Total | 100.0 | 100.0 | 100.0 |  -nan | 100.0 | 346.1
       Dungeon | 100.0 | 100.0 | 100.0 |  -nan | 100.0 | 384.6
               +-------+-------+-------+-------+-------+----------------------
